 Dungeon Crawl Stone Soup version 0.29.1-2-gbd0b4ee654 (webtiles) character file.

Game seed: 1607868408604501829

57 safid the Shooter (level 3, -1/33 HPs)
             Began as a Minotaur Hunter on Nov 30, 2022.
             Slain by an orc
             ... wielding a +0 flail
              (3 damage)
             ... on level 2 of the Dungeon.
             The game lasted 00:01:58 (1859 turns).

safid the Shooter (Minotaur Hunter)                 Turns: 1859, Time: 00:01:59

Health: -1/33      AC:  3    Str: 15    XL:     3   Next: 73%
Magic:  2/2        EV: 12    Int:  6    God:
Gold:   133        SH:  0    Dex: 15    Spells: 2/2 levels left

rFire   . . .      SeeInvis .   a - +0 shortbow
rCold   . . .      Faith    .   (shield currently unavailable)
rNeg    . . .      Spirit   .   c - +0 leather armour
rPois   .          Reflect  .   (helmet restricted)
rElec   .          Harm     .   (no cloak)
rCorr   .          Rampage  .   (no gloves)
Will    .....                   (no boots)
Stlth   +.........              (no amulet)
HPRegen 0.11/turn               (no ring)
MPRegen 0.08/turn               (no ring)

@: confused
A: horns 2, retaliatory headbutt
a: no special abilities


You were on level 2 of the Dungeon.
You visited 1 branch of the dungeon, and saw 3 of its levels.

You collected 133 gold pieces.

Inventory:

Hand Weapons
 a - a +0 shortbow (weapon)
Armour
 c - a +0 leather armour (worn)
Jewellery
 j - a ring of flight
Scrolls
 b - 2 scrolls of immolation
 d - 2 scrolls of identify {unknown}
 e - a scroll of fear {unknown}
 i - a scroll of magic mapping {unknown}
Potions
 f - a potion of cancellation {unknown}
 g - a potion of brilliance
 h - 3 potions of haste {unknown}


   Skills:
 + Level 3.9 Fighting
 + Level 5.2 Ranged Weapons
 - Level 2.1 Dodging
 - Level 0.7 Stealth


You had 2 spell levels left.
You didn't know any spells.
Your spell library contained the following spells:

 Spells                   Type           Power      Damage    Failure   Level
 Gell's Gravitas          Tloc           0%         N/A       88%         3
 Lesser Beckoning         Tloc           0%         N/A       88%         3
 Teleport Other           Tloc           0%         N/A       88%         3


Dungeon Overview and Level Annotations

Branches:
Dungeon (3/15)

Altars:

Annotations:
D:2 Natasha
D:3 Grinder


Innate Abilities, Weirdness & Mutations

You have a pair of horns on your head.
You reflexively headbutt those who attack you in melee.


Message History

Done exploring.
Done exploring.
(D) Dungeon
Where to? (Enter - D:2, ? - help)
There is a stone staircase leading down here.
You climb downwards.
The orc wizard shouts!
The orc shouts! x3; You hear an angry hiss.
You hear a shout!
Found a club, a scroll labelled SIOS YVEEMET and an encrusted brass wand.
Found a stone staircase leading down.
There is a stone staircase leading up here.
There are monsters nearby!
You shoot an arrow. The arrow hits the orc.
The orc is moderately wounded.
The orc hits you with a +0 war axe!
You shoot an arrow.
The arrow hits the orc but does no damage.
The orc is moderately wounded.
The orc wizard gestures at you while chanting.
You are confused.
The orc hits you with a +0 flail! The orc completely misses you.
Grinder comes into view.
The orc barely misses you. x2
The orc hits you from afar with a +0 trident.
Grinder blinks!
You climb upwards.
Level annotation: Natasha
There is a stone staircase leading down here.
Unknown command.
Non-targeted confused fire: a) +0 shortbow
Press: ? - help, Q - select action Dir - look around, f - activate You shoot an arrow.
The arrow hits you but does no damage. The orc hits you but does no damage.
The orc misses you.
Unknown command.
The orc barely misses you.
You're too confused to move!
The orc closely misses you. The orc hits you with a +0 war axe!
* * * LOW HITPOINT WARNING * * *
You bump into the rock wall.
The orc hits you with a +0 flail.
You die...

#........ #.#######
#.# #... #.####.##
######...#..#.
#.......#.#.##
#.###.#.....#.
######.############
#.@o..........#
#.#o#########.#
#.#.##......#.#
#.#..รท......#.#####
##.#..##.....#.....#
##..#..##.....#####..
#............#.....#<
#..........###......#
#..#.#.#.#.# #######.


You could see 2 orcs.

Vanquished Creatures
  Natasha (D:2)
  A worm (D:2)
  2 dart slugs
  3 endoplasms
  A giant cockroach (D:1)
  4 goblins
  2 hobgoblins (D:1)
  A kobold (D:1)
  A quokka (D:2)
  2 ball pythons (D:1)
  4 bats
  2 frilled lizards (D:1)
  A rat (D:1)
25 creatures vanquished.

Notes
Turn   | Place    | Note
-------+----------+-------------------------------------------
     0 | D:1      | safid the Minotaur Hunter began the quest for the Orb.
     0 | D:1      | Reached XP level 1. HP: 18/18 MP: 0/0
   335 | D:1      | Reached XP level 2. HP: 25/25 MP: 1/1
   596 | D:2      | Identified the +6 spear "Rucs" {spect, +Blink rPois rF-
                  | Dex-2}
   994 | D:2      | Reached XP level 3. HP: 29/31 MP: 2/2
  1067 | D:2      | Reached skill level 5 in Ranged Weapons
  1222 | D:2      | Found a faded altar of an unknown god.
  1446 | D:2      | Noticed Natasha
  1662 | D:2      | Killed Natasha
  1805 | D:2      | Noticed Natasha
  1853 | D:3      | Noticed Grinder
  1859 | D:2      | Slain by an orc

Illustrated notes

Levels and vault maps discovered:
D:1:      spicycebolla_green_bress_n_ham, layout_basic
D:2:      layout_loops_cross, serial_co_window_serial,
          co_window_of_opportunity_a, co_window_corner_a, co_window_corner_a,
          co_window_corner_a, co_window_paths_b, co_window_of_opportunity_b,
          co_window_corner_b, co_window_broadway_b, co_window_unsneaky_path_a,
          co_window_corner_b, co_window_of_opportunity_c, co_window_broadway_c,
          co_window_paths_e, glass_columns_c, glass_columns_a, glass_columns_a,
          glass_columns_a, glass_columns_a, shapermc_ecumenical_altar_pompeii,
          uniq_natasha
D:3:      layout_rooms, gammafunk_temple_overflow_forgotten, serial_shops,
          nicolae_shop_behind_doors, kennysheep_generic_room_16, uniq_grinder,
          uniq_jessica

Skill      XL: |  1  2  3 |
---------------+----------+-----
Fighting       | 3 |  3.9
Ranged Weapons | 5 |  5.2
Dodging        | |  2.1
Stealth        | |  0.7

Action                   || total
-------------------------++-------
 Fire: Shortbow          ||    71
Armor: Leather armour    ||     4
Dodge: Dodged            ||    16
